 Dungeon Crawl Stone Soup version 0.32-a0-473-gd044c6f0f0 (webtiles) character file.

Game seed: 16018272938479379778

95 horus123 the Trooper (level 4, 0/38 HPs)
             Began as a Human Gladiator on Feb 26, 2024.
             Was an Initiate of Beogh.
             Slain by a gnoll
             ... wielding a +0 spear
              (1 damage)
             ... on level 3 of the Dungeon.
             The game lasted 00:05:20 (1515 turns).

horus123 the Trooper (Human Gladiator)              Turns: 1515, Time: 00:05:20

Health: 0/38       AC:  6    Str: 16    XL:     4   Next: 65%
Magic:  4/4        EV: 11    Int:  9    God:    Beogh [......]
Gold:   116        SH:  0    Dex: 14    Spells: 3/3 levels left

rFire   + . .        a - +0 trident
rCold   . . .        (no shield)
rNeg    + . .        r - +0 ring mail
rPois   .            c - +0 helmet
rElec   +            (no cloak)
rCorr   .            (no gloves)
SInv    .            (no boots)
Will    .....        (no amulet)
Stlth   +            g - ring "Ipuab" {Fly rElec rF+ rN+}
HPRegen 0.26/turn    (no ring)
MPRegen 0.09/turn

%: no passive effects
@: flying
A: explore regen
a: Renounce Religion


You were on level 3 of the Dungeon.
You worshipped Beogh.
Beogh was noncommittal.
You visited 1 branch of the dungeon, and saw 3 of its levels.

You collected 116 gold pieces.

Inventory:

Hand Weapons
 a - a +0 trident (weapon)
Missiles
 d - 3 throwing nets (quivered)
 e - a javelin
Armour
 c - a +0 helmet (worn)
 r - a +0 ring mail (worn)
Jewellery
 g - the ring "Ipuab" (left hand) {Fly rElec rF+ rN+}
   (You found it on level 2 of the Dungeon)

   [ring of protection from fire]

   rF+:       It protects you from fire.
   rElec:     It insulates you from electricity.
   rN+:       It protects you from negative energy.
   Fly:       It grants you flight.
Scrolls
 b - a scroll of torment {unknown}
 f - a scroll of acquirement {unknown}
 h - 2 scrolls of vulnerability {unknown}
 i - 2 scrolls of teleportation
 p - 2 scrolls of identify {unknown}
Potions
 j - a potion of brilliance
 k - a potion of cancellation {unknown}
 l - a potion of lignification {unknown}
 m - a potion of curing
 n - a potion of attraction {unknown}
 o - a potion of berserk rage {unknown}
 q - a potion of enlightenment {unknown}


   Skills:
 + Level 4.7 Fighting
 - Level 3.0 Polearms
 - Level 2.0 Throwing
 - Level 3.0 Dodging


You had 3 spell levels left.
You didn't know any spells.
Your spell library contained the following spells:

 Spells                   Type           Power      Damage    Failure   Level
 Apportation              Tloc           0%         N/A       61%         1
 Jinxbite                 Hex            0%         N/A       75%         2
 Alistair's Intoxication  Alch           0%         N/A       100%        5


Dungeon Overview and Level Annotations

Branches:
Dungeon (3/15)

Altars:
Okawaru

Shops:
D:1 !=:   D:3 (=?


Innate Abilities, Weirdness & Mutations

You regain HP and MP as you explore.


Message History

Aim: a gnoll, wielding a +0 halberd (about 36% to evade your +0 trident)
You reach to attack!
You hit the gnoll.
The gnoll is moderately wounded.
The gnoll hits you with a +0 flail. The gnoll barely misses you.
The gnoll hits you but does no damage.
Reach: a) +0 trident
Press: ? - help, Dir - move target, f/p - gnoll
Aim: a gnoll, wielding a +0 halberd (moderately wounded, about 36% to evade your +0 trident)
The gnoll is in the way.
You barely miss the gnoll. The gnoll closely misses you.
The gnoll hits you with a +0 flail.
The gnoll hits you from afar with a +0 spear.
Reach: a) +0 trident
Press: ? - help, Dir - move target, f/p - gnoll
Aim: a gnoll, wielding a +0 halberd (moderately wounded, about 36% to evade your +0 trident)
The gnoll is in the way.
You puncture the gnoll!
The gnoll is heavily wounded.
The gnoll hits you from afar with a +0 halberd.
* * * LOW HITPOINT WARNING * * *
The gnoll hits you but does no damage. The gnoll closely misses you. x2
The gnoll hits you with a +0 flail.
* * * LOW HITPOINT WARNING * * *
The gnoll barely misses you.
Reach: a) +0 trident
Press: ? - help, Dir - move target, f/p - gnoll
Aim: a gnoll, wielding a +0 halberd (moderately wounded, about 36% to evade your +0 trident)
The gnoll is in the way.
You puncture the gnoll!
You kill the gnoll!
Beogh accepts your kill. The gnoll hits you but does no damage.
The gnoll hits you from afar with a +0 halberd.
* * * LOW HITPOINT WARNING * * *
Unknown command.
Reach: a) +0 trident
Press: ? - help, Dir - move target, f/p - gnoll
Aim: a gnoll, wielding a +0 halberd (moderately wounded, about 36% to evade your +0 trident)
You reach to attack!
You barely miss the gnoll.
The gnoll is moderately wounded.
The gnoll completely misses you.
The gnoll hits you from afar with a +0 spear.
You die...

#........##.##....
#...........##.###
#....∩..######.###
# #.......# #....
..# #.......#
####. #...
+.......# #.
...... #.......#
#. #######..
#..g##'...### #.
##........
#..gg@'...#######
## ..........
#...###...##....#
......... #..
#...##....#
......... ##
#...##....# ....#
#.........#
....###
#.........# ##
......#
##.........#####.
......#
#..........##....
......#
#.#..#...<.......


You could see 3 gnolls.

Vanquished Creatures
  A gnoll (D:3)
  2 adders
  2 dart slugs
  3 ribbon worms
  3 orcs (D:3)
  3 bats
  5 endoplasms
  2 giant cockroaches (D:3)
  7 hobgoblins
  5 kobolds
  2 quokkas
  5 ball pythons
  3 frilled lizards
  4 goblins
  9 rats
56 creatures vanquished.

Vanquished Creatures (others)
  A ribbon worm (D:3)
1 creature vanquished.

Grand Total: 57 creatures vanquished

Notes
Turn   | Place    | Note
-------+----------+-------------------------------------------
     0 | D:1      | horus123 the Human Gladiator began the quest for the Orb.
     0 | D:1      | Reached XP level 1. HP: 16/16 MP: 1/1
     4 | D:1      | You fall into a shaft and drop 1 floor!
    24 | D:2      | Identified the ring "Ipuab" {Fly rElec rF+ rN+}
    61 | D:2      | Reached XP level 2. HP: 20/23 MP: 2/2
   145 | D:1      | Reached skill level 3 in Fighting
   210 | D:1      | Found Walolad's Jewellery Shop.
   257 | D:1      | Reached XP level 3. HP: 28/29 MP: 3/3
   302 | D:1      | Found Cubuorol's Distillery.
   474 | D:1      | Found Tiqazump's Book Shop.
   843 | D:2      | Reached skill level 4 in Fighting
  1079 | D:3      | Found Qur Liet's Antique Weapon Shop.
  1122 | D:3      | Reached XP level 4. HP: 14/37 MP: 4/4
  1133 | D:3      | Became a worshipper of Beogh the Shepherd
  1264 | D:3      | Found Mionovom's Magic Scroll Shoppe.
  1433 | D:3      | Found Roberez's Jewellery Shop.
  1454 | D:3      | Found an iron altar of Okawaru.
  1514 | D:3      | HP: 1/38 [gnoll/+0 halberd (5)]
  1515 | D:3      | Slain by a gnoll

Illustrated notes

Levels and vault maps discovered:
D:1:      dpeg_arrival_arbitrary_c, layout_basic, serial_shops,
          nicolae_shop_crystal, shop, shop
D:2:      layout_rooms, mrwooster_statue_mirror, grunt_ministairs_15
D:3:      layout_basic, okawaru_altar_gauntlet_db, lightli_sewer_entry_pipes,
          serial_shops, nicolae_shop_crystal, shop,
          nicolae_shop_real_fake_doors, shop, uniq_robin

Skill      XL: |  1  2  3 |
---------------+----------+-----
Fighting       | 3 4 |  4.7
Polearms       | |  3.0
Throwing       | |  2.0
Dodging        | |  3.0

Action                     |  1- 3 |  4- 6 || total
---------------------------+-------+-------++-------
  Melee: Trident           |   124 |    57 ||   181
 Invoke: Convert to Beogh  |       |     1 ||     1
    Use: Potion            |       |     2 ||     2
         Scroll            |       |     1 ||     1
   Stab: Sleeping          |     2 |     1 ||     3
 Armour: Leather armour    |    42 |     9 ||    51
         Ring mail         |       |    28 ||    28
  Dodge: Dodged            |    76 |    38 ||   114

Table legend: (Time is in decaauts)
 A = Elapsed time spent in this place.
 B = Non-inter-level travel time spent in this place.
 C = Inter-level travel time spent in this place.
 D = Time resting spent in this place.
 E = Time spent auto-exploring this place.
 F = Levels seen in this place.
 G = Mean time per level.
                   A        B        C        D        E       F      G
               +--------+--------+--------+--------+--------+-----+--------+
         Total |   1539 |   1463 |     76 |     64 |    981 |   3 |  513.0 |
       Dungeon |   1539 |   1463 |     76 |     64 |    981 |   3 |  513.0 |
               +--------+--------+--------+--------+--------+-----+--------+

Top non-repeatable levels by time:
     D:2: 618 daAuts
     D:1: 475 daAuts
     D:3: 445 daAuts
